Map: [ESL] Babylon

Players

Serral - Winner!

  • Race: Zerg Zerg
  • Spawn Location: 5:00

Clem

  • Race: Terran Terran
  • Spawn Location: 11:00

Event: ESL SC2 Masters 2023 Summer (Regionals)

VOD

Have the link to the VOD?

Description

Time

  • Played on: May 21, 2023, 12:49 p.m.
  • Length: 10:13

All games in this series

Show
View Real Time Build Order
Export as new Build Order

Serral Zerg - Winner!

Build Orders: Hatch First 

Get SALT Encoding   

  12  0:00  Drone  
  13  0:07  Drone  
  13  0:14  Extractor, Drone  
  15  0:37  Hatchery  
  14  0:43  Overlord  
  14  0:58  Spawning Pool  
  14  1:03  Drone  
  14  1:06  Drone  
  14  1:10  Drone  
  16  1:14  Drone  
  17  1:45  Queen  
  17  1:46  Zergling x6  
  22  1:48  Queen  
  22  1:49  Zergling x2  
  25  1:56  Overlord  
  25  2:00  Drone  
  26  2:08  Drone  
  27  2:10  Drone  
  28  2:19  Drone  
  29  2:23  Queen  
  29  2:25  Extractor  
  29  2:27  Queen  
  33  2:30  Drone  
  33  2:32  Overlord  
  33  2:35  Drone  
  35  2:42  Drone  
  37  2:51  Drone x2  
  37  2:55  Drone x4  
  42  2:59  Drone  
  42  3:00  Drone  
  42  3:05  Overlord  
  40  3:06  Drone  
  41  3:17  Hatchery  
  40  3:21  Drone x2  
  40  3:22  Extractor  
  40  3:23  Extractor  
  40  3:28  Drone  
  40  3:29  Drone x2  
  44  3:34  Drone  
  44  3:35  Drone  
  44  3:36  Drone  
  44  3:37  Overlord  
  46  3:41  Queen  
  46  3:45  Queen  
  50  3:49  Overlord  
  50  3:52  Overlord  
  50  3:58  Zergling x4  
  50  3:59  Drone x2  
  54  4:04  Drone  
  54  4:05  Drone x2  
  54  4:09  Zergling x2  
  58  4:10  Drone, Metabolic Boost  
  58  4:12  Drone  
  58  4:13  Drone  
  61  4:17  Drone x2  
  63  4:26  Overlord, Evolution Chamber  
  63  4:27  Evolution Chamber, Zergling x2  
  63  4:30  Queen  
  64  4:34  Drone x2  
  64  4:36  Drone  
  64  4:37  Drone  
  68  4:41  Drone x3  
  68  4:44  Drone x2  
  73  4:46  Overlord  
  73  4:53  Zerg Melee Weapons Level 1  
  73  4:54  Zerg Ground Armor Level 1  
  73  4:58  Queen  
  75  5:06  Drone  
  76  5:07  Drone x3  
  76  5:08  Drone, Overlord  
  80  5:15  Hatchery  
  80  5:18  Lair  
  80  5:19  Drone  
  80  5:20  Extractor  
  80  5:21  Zergling x6  
  82  5:26  Baneling Nest  
  82  5:28  Zergling x8  
  85  5:32  Queen  
  87  5:35  Queen  
  87  5:40  Overlord  
  87  5:42  Zergling x10  
  94  5:47  Overlord  
  94  5:52  Zergling x2  
  94  5:53  Zergling x10  
  92  5:59  Drone x3  
  92  6:00  Drone x2  
  97  6:06  Drone x3  
  97  6:07  Hatchery  
  97  6:11  Drone x3  
  102  6:14  Overlord  
  102  6:17  Centrifugal Hooks  
  102  6:20  Zergling x4  
  102  6:22  Baneling x7  
  102  6:23  Baneling  
  102  6:24  Zergling x2  
  105  6:27  Queen  
  105  6:29  Zergling x6  
  108  6:34  Zergling x6  
  111  6:41  Zergling x8  
  111  6:46  Zergling x12  
  121  6:51  Zerg Melee Weapons Level 2  
  121  6:56  Drone x2  
  121  6:57  Drone x2  
  121  6:58  Drone x2  
  127  7:02  Overlord, Zerg Ground Armor Level 2  
  127  7:03  Overlord  
  127  7:06  Hatchery  
  127  7:08  Overlord x2  
  126  7:17  Zergling x2  
  126  7:20  Baneling x4  
  126  7:21  Zergling x18  
  136  7:23  Queen  
  136  7:26  Zergling x2  
  139  7:33  Overlord  
  139  7:34  Zergling x18  
  139  7:35  Baneling x2  
  148  7:38  Zergling x2  
  148  7:40  Baneling x6  
  148  7:41  Zergling x10  
  154  7:50  Zergling x2  
  154  7:51  Zergling x4  
  154  7:55  Zergling x2  
  154  7:56  Zergling x6  
  152  8:01  Zergling x2  
  152  8:02  Zergling x18  
  152  8:03  Baneling  
  160  8:05  Zergling x2  
  160  8:06  Zergling x2  
  160  8:09  Zergling x2  
  160  8:10  Zergling x2  
  156  8:14  Zergling x4  
  156  8:18  Queen x2  
  152  8:20  Baneling x5  
  152  8:21  Baneling x3  
  152  8:22  Zergling x8  
  152  8:25  Overlord  
  156  8:31  Drone x2  
  156  8:32  Drone x2  
  156  8:34  Extractor, Drone x3  
  159  8:36  Zergling x10  
  159  8:37  Zergling x2  
  159  8:39  Zergling x2  
  161  8:43  Zergling x4  
  161  8:46  Zergling x6  
  166  8:49  Baneling x6  
  166  8:52  Zergling x12  
  166  8:54  Pneumatized Carapace, Infestation Pit  
  169  9:01  Zergling x20  
  162  9:06  Zergling x4  
  163  9:11  Zergling x4  
  163  9:12  Overseer  
  163  9:14  Zergling x12  
  171  9:23  Zergling x16  
  179  9:25  Overlord  
  179  9:29  Zergling x16  
  187  9:33  Zergling x6  
  186  9:40  Zergling x2  
  186  9:43  Overlord  
  186  9:44  Overlord  
  187  9:51  Zergling x28  
Show
View Real Time Build Order
Export as new Build Order

Clem Terran 

Build Orders: Reaper Expand 

Get SALT Encoding   

  12  0:00  SCV  
  13  0:12  SCV  
  14  0:16  Supply Depot  
  14  0:24  SCV  
  15  0:38  SCV  
  15  0:39  Barracks  
  16  0:44  Refinery  
  16  0:50  SCV  
  17  1:02  SCV  
  18  1:14  SCV  
  19  1:26  Orbital Command, Reaper  
  20  1:41  Command Center  
  20  1:53  SCV  
  21  1:54  Supply Depot  
  21  1:58  Barracks Reactor  
  21  2:05  SCV  
  22  2:17  SCV  
  23  2:23  Command Center  
  23  2:29  SCV  
  24  2:35  Barracks  
  24  2:41  SCV, Marine x2  
  27  2:53  SCV  
  28  2:59  Marine x2  
  29  3:05  SCV  
  29  3:13  Factory  
  29  3:20  Orbital Command  
  29  3:23  SCV  
  29  3:26  Barracks Tech Lab  
  30  3:28  Marine  
  30  3:30  Marine  
  32  3:37  Orbital Command  
  32  3:40  SCV  
  33  3:44  Stimpack  
  33  3:47  SCV  
  34  3:50  Marine  
  34  3:52  SCV, Marine  
  34  3:53  Marine  
  38  3:59  Refinery  
  38  4:00  SCV  
  39  4:03  SCV  
  39  4:04  SCV  
  39  4:07  Starport  
  41  4:12  SCV, Marine x2  
  41  4:15  SCV  
  45  4:17  Marine, Factory Reactor  
  45  4:18  SCV  
  45  4:23  Supply Depot  
  47  4:24  SCV  
  47  4:27  SCV  
  47  4:30  Marine x2  
  47  4:31  SCV  
  52  4:36  SCV  
  52  4:38  Marine  
  54  4:40  SCV  
  54  4:43  SCV  
  56  4:47  Supply Depot  
  56  4:48  Marine x2, Refinery, SCV  
  56  4:52  SCV  
  60  4:55  SCV  
  60  4:56  Medivac x2  
  60  4:58  Marine  
  66  5:01  SCV  
  66  5:02  Refinery  
  66  5:03  Orbital Command, Factory Tech Lab  
  66  5:06  Marine x2  
  69  5:08  Barracks, SCV  
  69  5:09  Supply Depot  
  69  5:13  SCV  
  71  5:15  Marine  
  71  5:17  Engineering Bay  
  71  5:18  Engineering Bay  
  72  5:22  SCV  
  72  5:24  Marine x2  
  72  5:27  Combat Shield  
  72  5:28  SCV  
  76  5:31  SCV, Supply Depot  
  76  5:34  Siege Tank  
  80  5:36  Marine  
  80  5:38  SCV  
  80  5:41  Supply Depot  
  80  5:42  Marine  
  83  5:43  SCV, Marine  
  85  5:51  SCV  
  85  5:53  SCV, Marine  
  85  5:59  Terran Infantry Weapons Level 1, Terran Infantry Armor Level 1  
  85  6:00  SCV, Barracks Reactor  
  85  6:03  Marine x2, Supply Depot, SCV  
  89  6:06  Medivac  
  89  6:07  SCV  
  92  6:11  Marine  
  92  6:12  SCV  
  92  6:15  SCV  
  92  6:16  Supply Depot  
  92  6:17  Siege Tank  
  98  6:19  SCV  
  98  6:21  Marine  
  98  6:24  Barracks, SCV  
  98  6:25  Barracks  
  101  6:27  SCV  
  101  6:31  SCV  
  101  6:32  Marine  
  104  6:34  Marine  
  104  6:35  Medivac  
  104  6:36  SCV  
  104  6:37  Marine  
  104  6:38  Marine x2, Supply Depot  
  104  6:39  Supply Depot  
  111  6:42  Medivac  
  111  6:45  SCV  
  114  6:47  SCV  
  114  6:49  Refinery  
  114  6:50  Marine, SCV  
  117  6:57  Factory  
  117  6:59  Marine x4  
  117  7:00  SCV x2  
  123  7:03  Supply Depot  
  123  7:05  Medivac  
  123  7:08  Marine, Command Center  
  125  7:12  Siege Tank  
  129  7:15  Barracks Reactor x2  
  129  7:17  Supply Depot  
  129  7:20  Marine x2  
  129  7:21  Marine  
  132  7:24  Marine  
  132  7:26  Marine, Medivac  
  136  7:33  Supply Depot  
  136  7:34  Armory  
  136  7:38  Marine x3  
  136  7:39  SCV  
  136  7:42  Marine, Factory Tech Lab  
  133  7:44  Marine  
  128  7:55  Siege Tank  
  128  7:56  Marine x7  
  125  8:00  Marine  
  125  8:02  Marine, SCV x2  
  125  8:05  SCV  
  130  8:12  Medivac  
  129  8:14  Marine x4, Siege Tank  
  129  8:15  Medivac  
  129  8:17  SCV  
  129  8:18  SCV  
  137  8:25  SCV, Marine x2  
  140  8:29  Marine x3  
  140  8:32  Marine  
  140  8:33  Supply Depot  
  144  8:36  Marine  
  144  8:40  Marine x2  
  146  8:43  Marine x2  
  146  8:45  Siege Tank  
  146  8:46  Marine  
  146  8:47  Marine x2  
  154  8:48  Supply Depot  
  154  8:49  Marine  
  154  8:54  Marine, Supply Depot  
  154  8:55  Siege Tank  
  159  8:58  Marine x2  
  159  9:01  Marine x2  
  157  9:04  Marine  
  157  9:05  Marine x2  
  157  9:07  Marine  
  161  9:10  Supply Depot  
  161  9:12  Marine  
  162  9:17  Siege Tank  
  162  9:18  Command Center  
  162  9:20  Marine, Supply Depot  
  162  9:21  Marine, Supply Depot  
  167  9:26  Marine x2  
  167  9:27  Siege Tank  
  167  9:40  Marine x3  
  167  9:41  Marauder  
  167  9:42  Marine x3  
  175  9:51  Marine x2  
Tags
 
Add a new tag
Caveats
  • Supply blocks, unpowered buildings, or Contaminate may cause inaccurate times.
  • Supply counts are checked every 10 seconds.